 Dungeon Crawl Stone Soup version 0.28-a0-1555-g9ae15a6949 (webtiles) character file.

Game seed: 7673430305361630137

314 HallandMoats the Slasher (level 6, -4/53 HPs)
             Began as a Ghoul Monk on Jan 19, 2022.
             Was an Elder of Kikubaaqudgha.
             Splashed by a jelly's acid (5 damage)
             ... on level 4 of the Dungeon.
             The game lasted 00:03:47 (3025 turns).

HallandMoats the Slasher (Ghoul Monk)               Turns: 3025, Time: 00:03:48

Health: -4/53      AC: -4    Str: 17    XL:     6   Next: 43%
Magic:  5/5        EV: 16    Int:  5    God:    Kikubaaqudgha [****..]
Gold:   131        SH:  3    Dex: 11    Spells: 5/5 levels left

rFire   . . .      SeeInvis .   a - +0 falchion
rCold   + + .      Faith    .   g - +0 buckler
rNeg    + + +      Spirit   .   e - +1 robe of Onlalis {rC+ Will- Regen+}
rPois   ∞          Reflect  .   (no helmet)
rElec   .          Harm     .   (no cloak)
rCorr   .          Rampage  .   (no gloves)
Will    .....                   (no boots)
Stlth   ++........              (no amulet)
HPRegen 0.00/turn               f - +4 ring of evasion
MPRegen 0.09/turn               (no ring)

@: corroded, inhibited regen
A: claws 1, cold resistance 1, negative energy resistance 3, inhibited
regeneration, torment resistance 2
a: Renounce Religion, Receive Corpses


You were on level 4 of the Dungeon.
You worshipped Kikubaaqudgha.
Kikubaaqudgha was greatly pleased with you.
You visited 1 branch of the dungeon, and saw 4 of its levels.

You collected 167 gold pieces.
You spent 36 gold pieces at shops.

Inventory:

Hand Weapons
 a - a +0 falchion (weapon)
Armour
 c - a +0 ring mail
 e - the +1 robe of Onlalis (worn) {rC+ Will- Regen+}
   (You took it off a hobgoblin on level 2 of the Dungeon)

   rC:        It protects you from cold.
   Regen:     It increases your rate of health regeneration.
   Will:      It decreases your willpower.
 g - a +0 buckler (worn)
Jewellery
 f - a +4 ring of evasion (left claw)
 m - a ring of protection from cold
Scrolls
 b - a scroll of vulnerability {unknown}
 h - 3 scrolls of identify {unknown}
 j - a scroll of teleportation
Potions
 d - 2 potions of resistance
 i - a potion of mutation {unknown}
 k - a potion of might {unknown}
 l - a potion of flight {unknown}


   Skills:
 + Level 4.3 Fighting
 * Level 4.3 Long Blades
 + Level 2.0 Armour
 + Level 3.6 Dodging
 - Level 2.1 Stealth
 + Level 1.5 Shields


You had 5 spell levels left.
You didn't know any spells.
Your spell library contained the following spells:

 Spells                   Type           Power      Damage    Failure   Level
 Animate Skeleton         Necr           0%         N/A       56%         1
 Pain                     Necr           0%         1d4       56%         1
 Corpse Rot               Necr/Air       0%         N/A       71%         2
 Ensorcelled Hibernation  Hex/Ice        0%         N/A       71%         2
 Anguish                  Hex/Necr       0%         N/A       100%        4
 Animate Dead             Necr           0%         N/A       100%        4
 Agony                    Necr           0%         N/A       100%        5
 Borgnjor's Vile Clutch   Necr/Erth      0%         N/A       100%        5
 Death Channel            Necr           0%         N/A       100%        6
 Simulacrum               Ice/Necr       0%         N/A       100%        6
 Spider Form              Tmut/Pois      Unusable   N/A       N/A         3

Dungeon Overview and Level Annotations

Branches:
Dungeon (4/15)
 Temple: D:4-7

Altars:
Kikubaaqudgha

Shops:
D:1 *   D:3 ?


Innate Abilities, Weirdness & Mutations

You thrive by killing the living.
You are immune to poison.
You have sharp fingernails.
Your flesh is cold resistant. (rC+)
You are immune to negative energy. (rN+++)
You do not regenerate when monsters are visible.
You are immune to unholy pain and torment.


Message History

You closely miss the goblin.
The goblin is moderately wounded.
The adder skeleton bites you. The goblin hits you with a +0 club.
The adder skeleton barely misses you.
You hit the goblin.
The goblin is severely wounded.
The jelly barely misses you. You block the goblin's attack.
The adder skeleton closely misses you.
You barely miss the goblin.
The goblin is severely wounded.
The jelly hits you but does no damage. The goblin closely misses you.
The goblin hits you with a +0 club.
You hit the goblin.
You kill the goblin!
Kikubaaqudgha accepts your kill.
You feel better. The jelly hits you.
You are splashed with acid!
Things that are here:
a +0 club; a goblin corpse You hit the jelly.
Your claws burn!
The jelly is lightly wounded.
The jelly hits you.
You are splashed with acid!
You hit the jelly.
Your claws burn!
The jelly is heavily wounded.
The jelly misses you.
You hit the jelly but do no damage. The acid corrodes you!
Your claws burn!
The jelly is heavily wounded.
The jelly hits you. The acid corrodes you!
You are splashed with acid!
* * * LOW HITPOINT WARNING * * *
You hit the jelly but do no damage.
Your claws burn!
* * * LOW HITPOINT WARNING * * *
The jelly is heavily wounded.
The jelly barely misses you.
You hit the jelly but do no damage.
Your claws burn!
* * * LOW HITPOINT WARNING * * *
The jelly is heavily wounded.
The jelly misses you.
You hit the jelly but do no damage.
Your claws burn!
You die...
Kikubaaqudgha rasps: "You have failed me!
Welcome... oblivion!"

#.# ............ #.#
#.#.>.:.....
#.########.#....!....
#.##.........Z.......
####.##.#####.#.........
#.............###..#....
#.##........Zg# #...###
###.#####.#####J# #.##
##...#####.# #@# .#
............ #.# .#
#.....#.###.# #.#
#.....# # .. ..# ##...##
.##.### ...## #. ##### #


You could see a jelly, a hobgoblin and an adder skeleton.

Vanquished Creatures
  Sigmund (D:3)
  Jessica (D:3)
  An orc wizard (D:3)
  3 adders
  A worm (D:3)
  2 dart slugs
  4 orcs (D:3)
  9 bats
  An endoplasm (D:1)
  3 giant cockroaches
  6 hobgoblins
  2 jackals (D:2)
  7 kobolds
  A quokka (D:1)
  5 ball pythons
  11 frilled lizards
  6 goblins
  5 rats
69 creatures vanquished.

Vanquished Creatures (others)
  11 plants (D:2)
11 creatures vanquished.

Grand Total: 80 creatures vanquished

Notes
Turn   | Place    | Note
-------+----------+-------------------------------------------
     0 | D:1      | HallandMoats the Ghoul Monk began the quest for the Orb.
     0 | D:1      | Reached XP level 1. HP: 19/19 MP: 0/0
    12 | D:1      | Found Terabb's Assorted Antiques.
   287 | D:1      | Reached XP level 2. HP: 25/26 MP: 1/1
   411 | D:1      | Found a faded altar of an unknown god.
   516 | D:1      | Prayed at the altar of an unknown god.
   516 | D:1      | Became a worshipper of Kikubaaqudgha
   516 | D:1      | Reached * piety under Kikubaaqudgha
   516 | D:1      | Received a gift from Kikubaaqudgha
   516 | D:1      | Reached ** piety under Kikubaaqudgha
   675 | D:1      | Reached XP level 3. HP: 31/31 MP: 2/2
   907 | D:1      | Reached *** piety under Kikubaaqudgha
   907 | D:1      | Received a gift from Kikubaaqudgha
  1285 | D:2      | Identified the +1 robe of Onlalis {rC+ Will- Regen+}
  1464 | D:2      | Reached skill level 1 in Armour
  1622 | D:2      | Reached XP level 4. HP: 32/40 MP: 3/3
  2230 | D:3      | Reached XP level 5. HP: 23/46 MP: 4/4
  2287 | D:3      | Reached **** piety under Kikubaaqudgha
  2338 | D:3      | Noticed Jessica
  2358 | D:3      | Killed Jessica
  2422 | D:3      | Found Miesm's Magic Scroll Boutique.
  2431 | D:3      | Bought a scroll of teleportation for 36 gold pieces
  2841 | D:3      | Noticed Sigmund
  2852 | D:3      | Killed Sigmund
  2853 | D:3      | Reached skill level 1 in Shields
  2853 | D:3      | Reached XP level 6. HP: 46/53 MP: 5/5
  3024 | D:4      | HP: 1/53 [acid (5)]
  3025 | D:4      | Splashed by a jelly's acid

Illustrated notes

Levels and vault maps discovered:
D:1:      evilmike_arrival_plus, layout_basic,
          dreamdust_ecumenical_altar_hidden_monk_grotto, serial_shops,
          nicolae_shop_crystal
D:2:      layout_loops_corners, minmay_lizard_king
D:3:      layout_loops_ring, serial_shops, nicolae_shop_stone, uniq_jessica,
          uniq_sigmund
D:4:      layout_loops_ring, grunt_ministairs_5

Skill      XL: |  1  2  3  4  5 |
---------------+----------------+-----
Long Blades    | 3 4 |  4.3
Dodging        | 3 |  3.6
Armour         | 1 2 |  2.0
Fighting       | 4 |  4.3
Shields        | 1 |  1.5
Stealth        | |  2.1

Action                   |  1- 3 |  4- 6 || total
-------------------------+-------+-------++-------
Melee: Falchion          |   137 |   113 ||   250
       Punch             |     1 |       ||     1
  Use: Potion            |     1 |       ||     1
 Stab: Sleeping          |     9 |     5 ||    14
Armor: Ring mail         |    40 |       ||    40
       Robe              |     7 |    18 ||    25
Dodge: Dodged            |    85 |    97 ||   182
Block: Buckler           |       |    14 ||    14

Table legend: (Time is in decaauts)
 A = Elapsed time spent in this place.
 B = Non-inter-level travel time spent in this place.
 C = Inter-level travel time spent in this place.
 D = Time resting spent in this place.
 E = Time spent auto-exploring this place.
 F = Levels seen in this place.
 G = Mean time per level.
                   A        B        C        D        E       F      G
               +--------+--------+--------+--------+--------+-----+--------+
         Total |   3061 |   2941 |    120 |      0 |   2348 |   4 |  765.2 |
       Dungeon |   3061 |   2941 |    120 |      0 |   2348 |   4 |  765.2 |
               +--------+--------+--------+--------+--------+-----+--------+

Top non-repeatable levels by time:
     D:1: 1131 daAuts
     D:2: 1090 daAuts
     D:3: 741 daAuts
     D:4: 98 daAuts
